 Seeded DCSS version 0.28.0-62-gf88900778d (webtiles) character file.

Game seed: 6652734874546685307 (custom seed)

82 cbfl8 the Skirmisher (level 4, 0/35 HPs)
             Began as a Demonspawn Fighter on June 30, 2023.
             Slain by a goblin
             ... wielding a +0 club
              (2 damage)
             ... on level 3 of the Dungeon.
             The game lasted 00:01:24 (1925 turns).

cbfl8 the Skirmisher (Demonspawn Fighter)           Turns: 1925, Time: 00:01:25

Health: 0/35       AC:  9    Str: 22    XL:     4   Next: 21%
Magic:  4/4        EV:  8    Int: 10    God:
Gold:   84         SH:  4    Dex: 14    Spells: 3/3 levels left

rFire   . . .      SeeInvis .   a - +0 war axe
rCold   . . .      Faith    .   c - +0 buckler
rNeg    . . .      Spirit   .   h - +0 chain mail
rPois   .          Reflect  .   (helmet restricted)
rElec   .          Harm     .   (no cloak)
rCorr   .          Rampage  .   (no gloves)
Will    .....                   (no boots)
Stlth   ..........              (no amulet)
HPRegen 0.11/turn               e - +6 ring of strength
MPRegen 0.09/turn               (no ring)

@: no status effects
A: antennae 1, sturdy frame 1
a: no special abilities


You were on level 3 of the Dungeon.
You visited 1 branch of the dungeon, and saw 3 of its levels.

You collected 84 gold pieces.

Inventory:

Hand Weapons
 a - a +0 war axe (weapon)
Armour
 c - a +0 buckler (worn)
 h - a +0 chain mail (worn)
Jewellery
 e - a +6 ring of strength (left hand)
Scrolls
 b - a scroll of identify
 j - a scroll of fog
Potions
 d - a potion of might
 f - 3 potions of curing {unknown}
 g - a potion of ambrosia {unknown}
 i - 2 potions of heal wounds {unknown}


   Skills:
 + Level 3.1 Fighting
 * Level 2.8 Axes
 + Level 3.1 Armour
 * Level 0.8 Dodging
 * Level 0.4 Stealth
 + Level 2.8 Shields
 * Level 1.3 Invocations
 * Level 0.8 Evocations


You had 3 spell levels left.
You didn't know any spells.
Your spell library was empty.

Dungeon Overview and Level Annotations

Branches:
Dungeon (3/15)

Altars:
Xom


Innate Abilities, Weirdness & Mutations

You have a pair of small antennae on your head.
Your movements are slightly less encumbered by armour. (ER -2)


Message History

You closely miss something. You completely miss something. You miss the orc.
You barely miss the bat. The bat closely misses you.
Something hits you but does no damage. x2; The orc closely misses you.
Unknown command.
You hit the orc.
The orc is heavily wounded.
You hit something. You miss something. The bat hits you but does no damage.
Something hits you. Something hits you but does no damage.
The orc hits you with a +0 hand axe. Something hits you. x2
The orc hits you but does no damage.
Unknown command.
Something hits you. The orc hits you but does no damage.
You bump into the rock wall.
Something hits you but does no damage.
You hear some strange, mumbled words.
A puff of flame appears from out of thin air!
The puff of flame hits you.
* * * LOW HITPOINT WARNING * * *
The orc hits you with a +0 hand axe.
* * * LOW HITPOINT WARNING * * *
You closely miss something. You closely miss the orc.
You completely miss something.
You feel less confused. Something hits you but does no damage.
You hear some strange, mumbled words.
A puff of flame appears from out of thin air!
The puff of flame hits you.
* * * LOW HITPOINT WARNING * * *
The orc barely misses you.
A magic dart appears from out of thin air!
The magic dart hits something.
You hear some strange, mumbled words.
Something tries to affect you, but you resist.
A goblin comes into view. It is wielding a +0 club.
The goblin shouts!
The bat hits you but does no damage. The bat barely misses you.
The bat hits you but does no damage.
A quokka comes into view.
The bat barely misses you. The goblin hits you with a +0 club.
You die...

#.#######.#
#.........######
####...###.o...#
#...# #{....#
##### #...#
#).......
.....###...#
#........
#.##..b{...#
#....<...
#..........#
#........
#......@...#
#.#......
.......g...#
#.#......
#..........#
.........
.............
...........###
#.........##
#......r... ..
#........... .#


You could see a quokka, a goblin and a bat.

Vanquished Creatures
  Robin (D:2)
  2 adders (D:2)
  2 worms (D:2)
  An orc (D:3)
  4 endoplasms
  A giant cockroach (D:1)
  9 goblins
  6 hobgoblins
  3 kobolds
  2 quokkas
  6 ball pythons
  2 bats (D:1)
  2 frilled lizards
  4 rats
45 creatures vanquished.

Notes
Turn   | Place    | Note
-------+----------+-------------------------------------------
     0 | D:1      | cbfl8 the Demonspawn Fighter began the quest for the Orb.
     0 | D:1      | Reached XP level 1. HP: 18/18 MP: 1/1
   301 | D:1      | Gained mutation: You have a pair of small antennae on your
                  | head. [demonic ancestry]
   301 | D:1      | Reached XP level 2. HP: 24/24 MP: 2/2
   357 | D:1      | Found a faded altar of an unknown god.
  1313 | D:2      | Reached XP level 3. HP: 29/29 MP: 3/3
  1370 | D:2      | Found a shimmering altar of Xom.
  1448 | D:2      | Noticed Robin
  1636 | D:2      | Reached skill level 1 in Invocations
  1648 | D:2      | Killed Robin
  1787 | D:2      | Gained mutation: Your movements are slightly less
                  | encumbered by armour. (ER -2) [demonic ancestry]
  1787 | D:2      | Reached XP level 4. HP: 25/35 MP: 4/4
  1896 | D:2      | You fall into a shaft and drop 1 floor!
  1915 | D:3      | HP: 1/35 [something/puff of flame (5)]
  1925 | D:3      | Slain by a goblin

Illustrated notes

Levels and vault maps discovered:
D:1:      wander_arrival_lonely_grave, layout_basic,
          chequers_ecumenical_altar_island, moated_statue, minmay_box_of_dots
D:2:      layout_loops_corners, basic_altar, serial_shops, shop,
          minmay_diced_spiral, uniq_robin
D:3:      layout_rooms, serial_co_window_serial, co_window_paths_a,
          co_window_paths_a, co_window_corner_a, co_window_cross_1,
          co_window_paths_b, co_window_unsneaky_path_d, co_window_corner_b,
          co_window_broadway_c, co_window_broadway_a, co_window_2corner,
          co_window_unsneaky_path_d, glass_columns_b, glass_columns_b,
          glass_columns_a, glass_columns_a, minivault_27, corexii_shack

Skill      XL: |  1  2  3 |
---------------+----------+-----
Axes           | 2 |  2.8
Armour         | 3 |  3.1
Invocations    | 1 |  1.3
Fighting       | |  3.1
Dodging        | |  0.8
Stealth        | |  0.4
Shields        | |  2.8
Evocations     | |  0.8

Action                   |  1- 3 |  4- 6 || total
-------------------------+-------+-------++-------
Melee: War axe           |   112 |    21 ||   133
  Use: Scroll            |     1 |       ||     1
Armor: Scale mail        |    14 |       ||    14
       Chain mail        |    62 |    32 ||    94
Dodge: Dodged            |    46 |    18 ||    64
Block: Buckler           |    27 |     8 ||    35
